 Dungeon Crawl Stone Soup version 0.29.0-4-gdea44cf6ec (webtiles) character file.

Game seed: 1010710535267648168

37 qw the Chopper (level 3, 0/29 HPs)
             Began as a Demonspawn Cinder Acolyte on Sept 9, 2022.
             Was a High Priest of Ignis.
             Succumbed to a kobold's poison
             ... on level 2 of the Dungeon.
             The game lasted 00:00:29 (1511 turns).

qw the Chopper (Demonspawn Cinder Acolyte)          Turns: 1511, Time: 00:00:30

Health: 0/29       AC: 12    Str: 16    XL:     3   Next: 23%
Magic:  4/4        EV: 10    Int: 15    God:    Ignis [*****.]
Gold:   19         SH:  0    Dex:  8    Spells: 4/4 levels left

rFire   + . .      SeeInvis .   Y - -1 hand axe (flame)
rCold   . . .      Faith    .   (no shield)
rNeg    . . .      Spirit   .   d - +0 ring mail
rPois   .          Reflect  .   (no helmet)
rElec   .          Harm     .   (no cloak)
rCorr   .          Rampage  .   (no gloves)
Will    .....                   (no boots)
Stlth   ..........              (no amulet)
HPRegen 0.09/turn               (no ring)
MPRegen 0.18/turn               (no ring)

@: lethally poisoned (0 -> -12), fiery-armoured
A: magic regeneration
a: Renounce Religion, Fiery Armour, Foxfire Swarm, Rising Flame


You were on level 2 of the Dungeon.
You worshipped Ignis.
Ignis was extremely pleased with you.
You visited 1 branch of the dungeon, and saw 2 of its levels.

You collected 19 gold pieces.


Innate Abilities, Weirdness & Mutations

You regenerate magic rapidly.


   Skills:
 - Level 3.0 Fighting
 + Level 4.0 Axes
 - Level 1.0 Spellcasting
 - Level 2.6 Fire Magic


You had 4 spell levels left.
You didn't know any spells.
Your spell library contained the following spells:

 Spells                   Type           Power      Damage    Failure   Level
 Scorch                   Fire           16%        2d5       24%         2

Inventory:

Hand Weapons
 Y - a -1 hand axe of flaming (weapon)
Armour
 d - a +0 ring mail (worn)
Potions
 c - a potion of flight {unknown}
 f - a potion of haste

Dungeon Overview and Level Annotations

Branches:
Dungeon (2/15)

Altars:


Message History

Enter note: Your extra speed is starting to run out.
You hit the endoplasm. You burn the endoplasm.
You kill the endoplasm!
Your Axes skill increases to level 4!
You feel yourself slow down.
You now have 19 gold pieces (gained 2).
A kobold comes into view. It is wielding a +0 dagger of venom.
You closely miss the kobold. The kobold hits you but does no damage.
You are poisoned.
You barely miss the kobold.
You feel sick. The kobold closely misses you.
You hit the kobold but do no damage.
You feel sick. The kobold hits you but does no damage.
You are more poisoned.
You closely miss the kobold.
You feel very sick. The kobold barely misses you.
The kobold hits you with a +0 dagger of venom.
You are lethally poisoned!
You hit the kobold. You burn the kobold.
The kobold is severely wounded.
You feel very sick. The kobold hits you but does no damage.
You are more poisoned.
You barely miss the kobold.
The kobold is severely wounded.
You feel very sick. The kobold misses you.
1509 ||| INVOKING Fiery Armour.
A protective cloak of flame settles atop you.
You feel very sick. The kobold hits you but does no damage.
The kobold is burned by your cloak of flames.
You kill the kobold!
There is a lethal amount of poison in your body!
You feel very sick.
There is a lethal amount of poison in your body!
You die...

#.##. .. .....
##.# .....##
###...#
.....<#####...#
............##
.....##......####
..... ######....#
..... ####.###
..... #.@)# .....
###....# .....
###.... ..... #..
.


There were no monsters in sight!

Vanquished Creatures
  A dart slug (D:1)
  3 ball pythons (D:1)
  5 endoplasms
  3 giant cockroaches (D:1)
  A goblin (D:1)
  3 hobgoblins (D:1)
  5 quokkas (D:1)
  3 bats (D:1)
  3 kobolds
  2 rats (D:1)
29 creatures vanquished.

Vanquished Creatures (others)
  A fungus (D:1)
1 creature vanquished.

Grand Total: 30 creatures vanquished

Notes
Turn   | Place    | Note
-------+----------+-------------------------------------------
     0 | D:1      | qw the Demonspawn Cinder Acolyte began the quest for the
                  | Orb.
     0 | D:1      | Reached XP level 1. HP: 18/18 MP: 2/2
     0 | D:1      | 0 ||| qw: Version: 0.1-a-113-g051387a
     0 | D:1      | 0 ||| qw: Game counter: 7073
     0 | D:1      | 0 ||| qw: Always use a shield: true
     0 | D:1      | 0 ||| qw: God list: Okawaru
     0 | D:1      | 0 ||| qw: Allow faded altars: false
     0 | D:1      | 0 ||| qw: Do Orc after D:15 true
     0 | D:1      | 0 ||| qw: Do second Lair branch before Depths: true
     0 | D:1      | 0 ||| qw: Lair rune preference: random
     0 | D:1      | 0 ||| qw: Plans: Normal
     0 | D:1      | 0 ||| PLANNING D:1-11
    35 | D:1      | Found a faded altar of an unknown god.
    44 | D:1      | Reached skill level 3 in Axes
    97 | D:1      | Gained mutation: You regenerate magic rapidly. [demonic
                  | ancestry]
    97 | D:1      | Reached XP level 2. HP: 20/24 MP: 3/3
   866 | D:1      | Reached XP level 3. HP: 25/29 MP: 4/4
  1431 | D:1      | 1431 ||| UPGRADING to +0 ring mail.
  1441 | D:1      | 1441 ||| DROPPING +0 robe.
  1442 | D:1      | 1442 ||| READING scroll labelled RAYPLA MATOO.
  1446 | D:1      | 1446 ||| DRINKING 2 puce potions.
  1482 | D:2      | Reached skill level 4 in Axes
  1509 | D:2      | 1509 ||| INVOKING Fiery Armour.
  1509 | D:2      | HP: 6/29 [poisoned by a kobold]
  1511 | D:2      | Succumbed to a kobold's poison

Levels and vault maps discovered:
D:1:      minmay_arrival_doors, layout_basic, shapermc_ecumenical_altar_gd,
          nicolae_kite_square_tiling_tiny
D:2:      layout_rooms, uniq_sigmund

Skill      XL: |  1  2  3 |
---------------+----------+-----
Axes           | 3 4 |  4.0
Fighting       | |  3.0
Spellcasting   | |  1.0
Fire Magic     | |  2.6

Action                   || total
-------------------------++-------
Melee: Hand axe          ||   101
       Punch             ||     2
Invok: Fiery Armour      ||     1
  Use: Scroll            ||     1
       Potion            ||     1
Armor: Robe              ||    17
       Ring mail         ||     4
Dodge: Dodged            ||    77

Table legend:
 A = Non-vault XP
 B = Vault XP
 C = Vault XP percentage of total XP
 D = Non-vault monster count
 E = Vault monster count
 F = Vault count percentage of total count
                 A         B        C        D         E       F
            +---------+---------+-------+---------+---------+-------
      Total |      54 |       0 |   0.0 |      29 |       0 |   0.0
            +---------+---------+-------+---------+---------+-------
        D:1 |      50 |       0 |   0.0 |      27 |       0 |   0.0
        D:2 |       4 |       0 |   0.0 |       2 |       0 |   0.0
            +---------+---------+-------+---------+---------+-------
